 Dungeon Crawl Stone Soup version 0.22-a0-258-g34c0b7be20 (webtiles) character file.

800 MirrMurr the Poker (level 7, 0/62 HPs)
             Began as a Centaur Berserker on Mar 5, 2018.
             Was a Priest of Trog.
             Slain by Prince Ribbit (8 damage)
             ... on level 5 of the Dungeon.
             The game lasted 00:10:04 (4460 turns).

MirrMurr the Poker (Centaur Berserker)              Turns: 4460, Time: 00:10:05

Health: 0/62       AC:  7    Str: 22    XL:     7   Next: 59%
Magic:  7/7        EV:  9    Int:  6    God:    Trog [***...]
Gold:   345        SH:  0    Dex:  8    Spells: 6/6 levels left

rFire    . . .     SeeInvis .   a - +0 halberd
rCold    . . .     Gourm    .   (shield currently unavailable)
rNeg     . . .     Faith    .   k - +1 ring mail
rPois    .         Spirit   .   (no helmet)
rElec    .         Reflect  .   (no cloak)
rCorr    .         Harm     .   (no gloves)
MR       .....                  (no barding)
Stlth    ..........             (no amulet)
HPRegen  0.20/turn              s - +1 ring of protection
MPRegen  0.10/turn              (no ring)

@: very quick
A: large, hooves 3, deformed body, speed 2, tough skin 3
a: Berserk, Trog's Hand, Renounce Religion


You were on level 5 of the Dungeon.
You worshipped Trog.
Trog was most pleased with you.
You were not hungry.

You visited 1 branch of the dungeon, and saw 5 of its levels.

You collected 345 gold pieces.

Inventory:

Hand Weapons
 a - a +0 halberd (weapon)
 w - a +0 spear
 y - a +0 blowgun
Missiles
 e - 250 stones
 f - 53 arrows
 l - 3 tomahawks of returning (quivered)
Armour
 k - a +1 ring mail (worn)
 q - a +0 chain mail
 x - a +0 plate armour
Jewellery
 s - a +1 ring of protection (left hand)
Wands
 p - a wand of digging (9)
 v - a wand of enslavement (35)
Scrolls
 h - 3 scrolls of teleportation
 m - 2 scrolls of enchant armour
 r - a scroll of remove curse
 t - 2 scrolls of magic mapping
Potions
 d - a potion of ambrosia {unknown}
 g - 2 potions of magic
 i - 2 potions of lignification
 j - 2 potions of brilliance {unknown}
 n - 2 potions of curing {unknown}
 o - a potion of haste {unknown}
 u - 2 potions of berserk rage {unknown}
Comestibles
 b - 10 chunks of flesh
 c - 11 rations


   Skills:
 + Level 5.7 Fighting
 * Level 7.0 Polearms
 - Level 1.3 Armour
 - Level 1.3 Dodging


You had 6 spell levels left.
You didn't know any spells.

Dungeon Overview and Level Annotations

Branches:
Dungeon (5/15)
 Temple: D:4-7

Altars:
Elyvilon
Okawaru
Qazlal
Trog
Yredelemnul
Zin

Annotations:
D:5 Prince Ribbit


Innate Abilities, Weirdness & Mutations

You have hooves in place of feet.
Armour fits poorly on your strangely shaped body.
You cover ground very quickly.
You have extremely tough skin. (AC +3)


Message History

Prince Ribbit hits you!
You are too injured to fight recklessly!
You are too injured to fight recklessly!
You are too injured to fight recklessly!
You are too injured to fight recklessly!
You are too injured to fight recklessly!
You miss Prince Ribbit. You kick Prince Ribbit.
Prince Ribbit is moderately wounded.
Prince Ribbit hits you!
* * * LOW HITPOINT WARNING * * *
Prince Ribbit barely misses you.
You closely miss Prince Ribbit. Your kick misses Prince Ribbit.
Prince Ribbit is moderately wounded.
Prince Ribbit hits you!
* * * LOW HITPOINT WARNING * * *
You miss Prince Ribbit. Your kick misses Prince Ribbit.
Prince Ribbit is moderately wounded.
Prince Ribbit hits you but does no damage.
Prince Ribbit hits you!
You die...

##.####.####
#...........
###..##.### ##<.#.#
###)#.## #......#
###......#
#.......?#
###....@.# [. ♣.
######F# .... #..
#.##..... #). ###
###.......% #.. #.#
#####....######
#.##.###.....#.##
####........#####..#
...###..##### ##..#
...(....# #.#


You could see Prince Ribbit.

Vanquished Creatures
  Sigmund (D:4)
  A sky beast (D:4)
  An eye of draining (D:3)
  A scorpion (D:4)
  An orc priest (D:5)
  2 hounds (D:5)
  A bullfrog skeleton (D:4)
  An iguana (D:4)
  Terence (D:3)
  Ijyb (D:3)
  5 adders
  4 gnolls
  2 oozes
  An adder zombie (D:5)
  3 worms
  2 dart slugs
  5 leopard geckos
  9 orcs
  12 bats
  5 giant cockroaches
  2 gnoll zombies (D:3)
  6 goblins
  8 hobgoblins
  6 jackals
  11 kobolds
  4 quokkas
  2 ball pythons
  5 frilled lizards
  7 rats
110 creatures vanquished.

Notes
Turn   | Place    | Note
-------+----------+-------------------------------------------
     0 | D:1      | MirrMurr the Centaur Berserker began the quest for the Orb.
     0 | D:1      | Reached XP level 1. HP: 19/19 MP: 1/1
    35 | D:1      | Reached skill level 3 in Polearms
    96 | D:1      | Reached XP level 2. HP: 25/26 MP: 2/2
  1086 | D:2      | Reached XP level 3. HP: 16/31 MP: 3/3
  1526 | D:2      | Found a glowing silver altar of Zin.
  1582 | D:2      | Reached ** piety under Trog
  1619 | D:2      | Reached skill level 4 in Polearms
  1619 | D:2      | Reached XP level 4. HP: 40/40 MP: 4/4
  1967 | D:3      | Noticed Ijyb
  2052 | D:3      | Killed Ijyb
  2297 | D:3      | Noticed Terence
  2324 | D:3      | Killed Terence
  2324 | D:3      | Reached XP level 5. HP: 46/46 MP: 5/5
  2419 | D:3      | Found a white marble altar of Elyvilon.
  2606 | D:3      | Found a bloodstained altar of Trog.
  2618 | D:3      | Noticed an eye of draining
  2630 | D:3      | Killed an eye of draining
  2630 | D:3      | Reached skill level 5 in Polearms
  2673 | D:3      | Found a basalt altar of Yredelemnul.
  2699 | D:3      | Reached *** piety under Trog
  2817 | D:4      | Reached XP level 6. HP: 38/53 MP: 6/6
  3015 | D:4      | Noticed Sigmund
  3027 | D:4      | Killed Sigmund
  3027 | D:4      | Reached skill level 5 in Fighting
  3027 | D:4      | Reached skill level 6 in Polearms
  3314 | D:4      | Reached XP level 7. HP: 60/61 MP: 7/7
  3326 | D:4      | Found a stormy altar of Qazlal.
  3621 | D:5      | Entered Level 5 of the Dungeon
  4211 | D:5      | Found an iron altar of Okawaru.
  4446 | D:5      | Reached skill level 7 in Polearms
  4455 | D:5      | Noticed Prince Ribbit
  4460 | D:5      | Slain by Prince Ribbit

Vault maps used:
D:1:      shiori_arrival_oz
D:2:      nicolae_overflow_crystal_walls, serial_curves, eino_curves_02,
          eino_curves_02
D:3:      trog_eyes_of_draining, lemuel_zombie_altar_yredelemnul,
          elyvilon_altar_3, uniq_ijyb, uniq_terence
D:4:      grunt_qazlal_sundering, uniq_sigmund
D:5:      okawaru_metal_pillars_1_2, first_ration, minmay_misc_feat_rows,
          uniq_prince_ribbit1, uniq_grinder, uniq_crazy_yiuf_cottage

Skill      XL: |  1  2  3  4  5  6  7 |
---------------+----------------------+-----
Polearms       | 3 4 5 6 7 |  7.0
Fighting       | 4 5 |  5.7
Armour         | |  1.3
Dodging        | |  1.3

Action                   |  1- 3 |  4- 6 |  7- 9 || total
-------------------------+-------+-------+-------++-------
Melee: Spear             |   125 |   201 |    74 ||   400
       Kick              |    16 |    34 |    24 ||    74
       Unarmed           |       |    44 |       ||    44
       Halberd           |       |       |    41 ||    41
Invok: Berserk           |       |     4 |     1 ||     5
       Trog's Hand       |       |     1 |       ||     1
  Use: Scroll            |     5 |     4 |       ||     9
  Eat: Chunk             |     1 |     9 |     5 ||    15
Armor: Animal skin       |     6 |       |       ||     6
       Ring mail         |    29 |    26 |    43 ||    98
Dodge: Dodged            |    46 |    72 |    42 ||   160

Table legend:
 A = Spawn XP
 B = Non-spawn XP
 C = Spawn XP percentage of total XP
 D = Spawn monster count
 E = Non-spawn monster count
 F = Spawn count percentage of total count
 G = Total turns spent on level
                    A         B        C        D         E        F      G
               +---------+---------+-------+---------+---------+-------+---------
         Total |       0 |    1143 |   0.0 |       0 |     110 |   0.0 |  4460
               +---------+---------+-------+---------+---------+-------+---------
           D:1 |       0 |      33 |   0.0 |       0 |      19 |   0.0 |  1307
           D:2 |       0 |      91 |   0.0 |       0 |      31 |   0.0 |   673
           D:3 |       0 |     247 |   0.0 |       0 |      25 |   0.0 |   841
           D:4 |       0 |     593 |   0.0 |       0 |      23 |   0.0 |  1342
           D:5 |       0 |     179 |   0.0 |       0 |      12 |   0.0 |   297
               +---------+---------+-------+---------+---------+-------+---------
